 Dungeon Crawl Stone Soup version 0.27.1 (webtiles) character file.

Game seed: 10681082065768823766

903 karkarkar the Chopper (level 8, -1/48 HPs)
             Began as a Gargoyle Fighter on Aug 23, 2021.
             Was a Follower of Makhleb.
             Slain by an ogre (8 damage)
             ... on level 5 of the Dungeon on Aug 26, 2021.
             The game lasted 00:20:07 (6317 turns).

karkarkar the Chopper (Gargoyle Fighter)            Turns: 6317, Time: 00:20:07

Health: -1/48      AC: 13    Str: 23    XL:     8   Next: 7%
Magic:  8/8        EV:  7    Int:  8    God:    Makhleb [*.....]
Gold:   156        SH:  9    Dex:  9    Spells: 7/7 levels left

rFire    . . .     SeeInvis .   q - +0 hand axe
rCold    + . .     Faith    .   c - +0 kite shield
rNeg     + . .     Spirit   .   b - +0 scale mail
rPois    ∞         Reflect  .   (no helmet)
rElec    +         Harm     .   (no cloak)
rCorr    .         Rampage  .   p - +0 pair of gloves
Will     .....                  (no boots)
Stlth    ..........             (no amulet)
HPRegen  0.16/turn              o - ring of protection from cold
MPRegen  0.11/turn              (no ring)

@: no status effects
A: sickness immunity, AC +5, negative energy resistance 1, electricity
resistance, torment resistance 1, petrification resistance
a: Renounce Religion


You were on level 5 of the Dungeon.
You worshipped Makhleb.
Makhleb was aware of your devotion.
You visited 2 branches of the dungeon, and saw 6 of its levels.
You also visited: Sewer.

You collected 156 gold pieces.

Inventory:

Hand Weapons
 a - a +1 flail
 q - a +0 hand axe (weapon)
Missiles
 f - 9 poisoned darts (quivered)
Armour
 b - a +0 scale mail (worn)
 c - a +0 kite shield (worn)
 p - a +0 pair of gloves (worn)
Jewellery
 o - a ring of protection from cold (left hand)
Wands
 m - a wand of flame (8)
 n - a wand of iceblast (10)
Scrolls
 e - 2 scrolls of enchant weapon
 g - a scroll of amnesia {unknown}
 i - a scroll of torment {unknown}
 l - a scroll of blinking {unknown}
 r - a scroll of teleportation {unknown}
Potions
 d - a potion of might
 h - a potion of heal wounds
 j - 5 potions of curing
 s - 3 potions of flight


   Skills:
 - Level 4.3 Fighting
 * Level 5.6(6.2) Axes
 - Level 4.0(5.7) Maces & Flails
 - Level 4.0 Armour
 - Level 0.2 Dodging
 + Level 1.5 Stealth
 - Level 3.8 Shields
 + Level 2.2 Evocations


You had 7 spell levels left.
You didn't know any spells.
Your spell library contained the following spells:

 Spells                   Type           Power      Damage    Failure   Level
 Beastly Appendage        Tmut           0%         N/A       99%         1
 Sting                    Tmut/Pois      0%         1d3       99%         1
 Poisonous Vapours        Pois/Air       0%         N/A       100%        2
 Wereblood                Tmut           0%         N/A       100%        2
 Spider Form              Tmut/Pois      0%         N/A       100%        3
 Olgreb's Toxic Radiance  Pois           0%         N/A       100%        4


Dungeon Overview and Level Annotations

Branches:
Dungeon (5/15)             Temple (1/1) D:4           Sewer (visited)

Altars:
Ashenzari
Cheibriados
Dithmenos
Elyvilon
Fedhas
Gozag
Hepliaklqana
Kikubaaqudgha
Makhleb
Nemelex Xobeh
Okawaru
Qazlal
Ru
Sif Muna
Trog
Uskayaw
Vehumet
Xom
Yredelemnul
Zin
The Shining One


Innate Abilities, Weirdness & Mutations

You are immune to sickness and miasma.
Your stone body is resilient. (AC +5)
You are immune to poison.
You resist negative energy. (rN+)
You are resistant to electric shocks. (rElec)
You are resistant to unholy torment.
You are immune to petrification.


Message History

The ogre is poisoned.
Throw: 10 darts (poison)
Press: ? - help, Q - select action, (/) - cycle Shift-Dir - straight line, f/p - ogre
Aim: an ogre, wielding a +0 giant club (lightly wounded, poisoned, 72% to hit)
You throw a poisoned dart. The poisoned dart hits the ogre.
The ogre is lightly wounded.
You miss the adder. You block the adder's attack.
The adder bites you but does no damage.
You hit the adder.
The adder is moderately wounded.
Your scale mail prevents you from hitting the ogre.
The adder bites you but does no damage. The ogre hits you with a +0 giant club.
You hit the adder but do no damage.
The adder is moderately wounded.
You hit the ogre but do no damage. You block the adder's attack. x2
The ogre barely misses you.
You slash the adder!
You kill the adder!
Makhleb accepts your kill.
You hit the ogre but do no damage.
The ogre hits you with a +0 giant club!!
You block the ogre's attack.
You see here a howler monkey corpse.
You hit the ogre.
The ogre is heavily wounded.
The ogre looks more healthy.
The ogre hits you with a +0 giant club.
You hit the ogre.
The ogre is severely wounded.
You block the ogre's attack.
You completely miss the ogre.
The ogre is severely wounded.
The ogre hits you with a +0 giant club!
* * * LOW HITPOINT WARNING * * *
You hit the ogre but do no damage.
The ogre is severely wounded.
The ogre barely misses you.
You barely miss the ogre.
The ogre is severely wounded.
The ogre hits you with a +0 giant club!
You die...

.###...#...##.≈#≈.≈#≈†#........,,
..##.....####≈≈#≈≈≈#≈≈#........**
...#....## #≈≈#≈≈≈#≈≈#...#####,,
...†....#####≈...≈##.≈#..##....**
........##..##≈..###≈≈≈........,,
.............#####.##≈.........,,
..†......([.........##......###**
................>..........##,.,,
...........((..O@.......#..#,,**,
.......................##..#,,,**
...........................#*,,,,
.....#.....................#***,,
.....................<.$.,.# ****
.........................,** *,,,
##(.##.....#.............,* **,,,
*,,,*##....##............,***,,,,
*,,** **,,,****,,,,,,,,,,***,,,,,


You could see an ogre.

Vanquished Creatures
  A necrophage (D:4)
  2 ogres
  A kobold brigand (Sewer)
  A phantom (D:4)
  A water moccasin skeleton (D:5)
  A howler monkey (D:5)
  Ijyb (D:3)
  Jessica (D:3)
  Terence (D:3)
  Natasha (thrice) (D:3)
  2 iguanas
  A hound skeleton (D:4)
  6 adders
  2 river rats (Sewer)
  2 ufetubi
  An adder skeleton (D:4)
  3 worms
  A dart slug (D:4)
  8 orcs
  8 endoplasms
  6 giant cockroaches
  7 goblins
  10 hobgoblins
  5 jackals
  9 quokkas
  9 ball pythons
  8 bats
  3 frilled lizards
  8 kobolds
  11 rats
123 creatures vanquished.

Vanquished Creatures (others)
  A giant cockroach (D:1)
  5 fungi (D:1)
  4 plants (D:1)
10 creatures vanquished.

Grand Total: 133 creatures vanquished

Notes
Turn   | Place    | Note
-------+----------+-------------------------------------------
     0 | D:1      | karkarkar the Gargoyle Fighter began the quest for the Orb.
     0 | D:1      | Reached XP level 1. HP: 14/14 MP: 1/1
   156 | D:1      | Reached XP level 2. HP: 16/19 MP: 2/2
   574 | D:1      | Reached XP level 3. HP: 13/23 MP: 3/3
   951 | D:1      | Found a faded altar of an unknown god.
  1716 | D:2      | Reached XP level 4. HP: 17/28 MP: 4/4
  1956 | D:2      | You fall into a shaft and drop 1 floor!
  2077 | D:3      | Noticed Ijyb
  2105 | D:3      | Killed Ijyb
  2378 | D:3      | Noticed Terence
  2390 | D:3      | Killed Terence
  2391 | D:3      | Reached XP level 5. HP: 4/33 MP: 5/5
  2872 | D:3      | Noticed Jessica
  2889 | D:3      | Killed Jessica
  3299 | D:3      | Noticed Natasha
  3312 | D:3      | Killed Natasha
  3566 | D:3      | Noticed Natasha
  3598 | D:3      | Killed Natasha
  3599 | D:3      | Reached skill level 1 in Axes
  3599 | D:3      | Reached XP level 6. HP: 10/38 MP: 6/6
  4203 | D:3      | Noticed Natasha
  4207 | D:3      | Killed Natasha
  4258 | D:4      | Reached skill level 2 in Axes
  4313 | D:4      | Reached skill level 1 in Stealth
  4313 | D:4      | Reached skill level 1 in Evocations
  4334 | D:4      | Reached skill level 3 in Axes
  4380 | D:4      | Reached XP level 7. HP: 36/43 MP: 7/7
  4732 | D:4      | Reached skill level 4 in Axes
  4892 | D:4      | Found a staircase to the Ecumenical Temple.
  5045 | Temple   | Entered the Ecumenical Temple
  5294 | Temple   | Became a worshipper of Makhleb the Destroyer
  5368 | D:5      | Entered Level 5 of the Dungeon
  5468 | D:5      | Found a glowing drain.
  5496 | Sewer    | Entered a sewer
  5883 | Sewer    | Reached skill level 5 in Axes
  6059 | Sewer    | Found a white marble altar of Elyvilon.
  6219 | D:5      | Reached * piety under Makhleb
  6249 | D:5      | Reached XP level 8. HP: 43/48 MP: 8/8
  6273 | D:5      | Identified the +0 robe of Decaying Mirth {Harm SInv}
  6317 | D:5      | Slain by an ogre

Illustrated notes

Levels and vault maps discovered:
D:1:      shiori_arrival_oz, layout_rooms, dreamdust_ecumenical_altar_grove,
          minmay_misc_feat_cross
D:2:      layout_rooms, chequers_avenue, minmay_misc_feat_diagonals
D:3:      layout_basic, uniq_natasha, uniq_ijyb, uniq_terence, uniq_jessica
D:4:      layout_gridville, minmay_temple_entry_statues_fountains
D:5:      layout_layer_cave, gup_sewer_entry_pipe, minmay_puff
Temple:   nicolae_temple_the_god_donut

Skill      XL: |  1  2  3  4  5  6  7 |
---------------+----------------------+-----
Maces & Flails | 3 4 |  4.0
Armour         | 4 |  4.0
Fighting       | 4 |  4.3
Axes           | 1 3 5 |  5.6
Stealth        | 1 |  1.5
Evocations     | 1 2 |  2.2
Dodging        | |  0.2
Shields        | |  3.8

Action                   |  1- 3 |  4- 6 |  7- 9 || total
-------------------------+-------+-------+-------++-------
Melee: Flail             |   134 |    93 |       ||   227
       Hand axe          |       |    97 |   196 ||   293
Throw: Dart              |       |       |     3 ||     3
Evoke: Wand              |       |    20 |     6 ||    26
  Use: Scroll            |     1 |     1 |     2 ||     4
       Potion            |       |       |     1 ||     1
Armor: Scale mail        |    84 |    99 |   111 ||   294
Dodge: Dodged            |    53 |    65 |    74 ||   192
Block: Kite shield       |    77 |   100 |   121 ||   298
